[Event "GER-ch Youth-U12 2022"]
[Site "Willingen"]
[Date "2022.06.06"]
[Round "3.9"]
[White "Skembris, Simon Max"]
[Black "Dordevic, Tom"]
[Result "0-1"]
[ECO "B15"]
[WhiteElo "1413"]
[BlackElo "1771"]
[Annotator "NA RC COMBH"]
[PlyCount "116"]
[EventDate "2022.06.05"]
[EventType "swiss"]
[EventRounds "9"]
[EventCountry "GER"]
[SourceTitle "playchess.com"]
[Source "ChessBase"]
[SourceQuality "1"]
[TimeControl "40/4500+30:900+30"]

1. e4 c6 2. d4 d5 3. Nc3 dxe4 4. Nxe4 Nf6 5. Nxf6+ exf6 6. c3 Bd6 7. Bd3 O-O 8. Ne2 Bg4 9. Qc2 h6 10. h3 Bxe2 11. Bxe2 Re8 12. Be3 Nd7 13. O-O Nf8 14. Bc4 Qc7 15. Qf5 Qd7 16. Qxd7 Nxd7 17. Bd3 Nf8 18. Rfe1 Ng6 19. g3 a6 20. Kg2 Rad8 21. Rad1 Kf8 22. f4 Bc7 23. Bc2 Bb6 24. Bf2 Ne7 25. Kf3 Nd5 26. Rxe8+ Kxe8 27. a3 Nc7 28. Bb3 Kf8 29. Re1 Nd5 30. Rd1 Nc7 31. c4 Ne6 32. d5 Bxf2 33. Kxf2 cxd5 34. Rxd5 Rc8 35. f5 Nc5 36. Bc2 Ke7 37. b4 Nd7 38. c5 Ne5 39. Ba4 Rc7 40. Bb3 Rc8 41. Rd6 Rc7 42. Bd5 Nd3+ 43. Ke2 Nxc5 44. Rb6 Na4 45. Rxb7 Nc3+ 46. Kd3 Nxd5 47. Rb8 Rd7 48. Kc4 Ne3+ 49. Kc5 Rd5+ 50. Kc6 Rd6+ 51. Kb7 Nc4 52. a4 Rb6+ 53. Ka7 Rxb8 54. Kxb8 Nb6 55. a5 Nd5 56. b5 axb5 57. a6 Kd6 58. a7 Nc7 0-1

[Event "GER-ch Youth-U12 2022"]
[Site "Willingen"]
[Date "2022.06.06"]
[Round "3.10"]
[White "Neuhoff, Laertes"]
[Black "Nguyen, Bach Khoi"]
[Result "1-0"]
[ECO "C84"]
[WhiteElo "1990"]
[BlackElo "1261"]
[Annotator "TA"]
[PlyCount "79"]
[EventDate "2022.06.05"]
[EventType "swiss"]
[EventRounds "9"]
[EventCountry "GER"]
[SourceTitle "playchess.com"]
[Source "ChessBase"]
[SourceQuality "1"]
[TimeControl "40/4500+30:900+30"]

1. e4 e5 2. Nf3 Nc6 3. Bb5 a6 4. Ba4 Nf6 5. d3 b5 6. Bb3 Be7 7. O-O d6 8. h3 O-O 9. Nc3 Na5 10. Nd5 (10. Ne2) 10... Nxd5 11. Bxd5 c6 12. Bb3 Nxb3 {[%emt 0:00:00] C84: Closed Ruy Lopez: Unusual White 6th moves.} 13. axb3 f5 14. Re1 Be6 {[%emt 0:06:38] Black is slightly better.} 15. exf5 Bxf5 ({Of course not} 15... Rxf5 16. Nd4 exd4 17. Rxe6 $11) 16. d4 e4 {[%emt 0:04:40] [#]} 17. Nd2 $146 ({Predecessor:} 17. Nh2 Bh4 18. Be3 Qf6 19. Qe2 Qg6 20. Kh1 Qf7 21. Rf1 a5 22. Qd2 Bd8 23. f3 {0-1 (49) Prieto,E (2050)-Pedraza,Y (2135) Medellin 2016}) 17... d5 18. Nf1 Bh4 19. Be3 Qf6 20. Qd2 (20. Nh2 $15) 20... Qg6 {[%emt 0:04:48] [#] White must now prevent ...Bxh3.} 21. Kh2 Ra7 22. Ng3 Bc8 23. Rac1 Be6 24. Qe2 Raf7 25. Ra1 Bxg3+ (25... Bc8 $17 26. c3 Bd8) 26. fxg3 $11 Ra8 27. Ra5 Bc8 28. c4 Rc7 29. Rc1 Rb7 30. cxd5 cxd5 31. Rc5 Qb6 32. b4 Qe6 33. Qh5 g6 (33... Rd7 $14) 34. Qxd5 $16 {[%emt 0:01:24] White is more active.} Qxd5 35. Rxd5 Rc7 36. Rdxb5 Rc2 $2 (36... axb5 37. Rxa8 h5) 37. Re5 $18 {[%emt 0:04:39] [#] Threatens to win with Re8+.} Rxb2 $2 (37... Rc7 38. b5 (38. Rxe4 Bb7 $18) 38... Rd7 39. Rxe4 Bb7) 38. Rac5 Re2 39. Bh6 {[%emt 0:00:51] Threatening mate with Re7.} Kf7 {[%emt 0:04:13] Inhibits Re7+.} 40. Rc7+ {[%emt 0:00:19] Weighted Error Value: White=0.09 (flawless) /Black=0.63} 1-0

[Event "GER-ch Youth-U12 2022"]
[Site "Willingen"]
[Date "2022.06.06"]
[Round "3.12"]
[White "Herrmann, Jakob"]
[Black "Büchel, David"]
[Result "1/2-1/2"]
[ECO "B23"]
[WhiteElo "1737"]
[BlackElo "1527"]
[Annotator "NA RC COMBH"]
[PlyCount "64"]
[EventDate "2022.06.05"]
[EventType "swiss"]
[EventRounds "9"]
[EventCountry "GER"]
[SourceTitle "playchess.com"]
[Source "ChessBase"]
[SourceQuality "1"]
[TimeControl "40/4500+30:900+30"]

1. e4 c5 2. Ne2 d6 3. Nbc3 g6 4. d3 Nc6 5. Be3 Bg7 6. Qd2 e6 7. d4 cxd4 8. Nxd4 Nge7 9. Ndb5 d5 10. exd5 Nxd5 11. Nxd5 exd5 12. Bc5 Bf8 13. Bxf8 Rxf8 14. Qxd5 Qxd5 15. Nc7+ Kd8 16. Nxd5 Re8+ 17. Ne3 Kc7 18. O-O-O Be6 19. Bc4 Bxc4 20. Nxc4 Re2 21. Ne3 Rxf2 22. Nd5+ Kc8 23. Rhe1 Rb8 24. Re8+ Kd7 25. Nf6+ Kc7 26. Rd7+ Kb6 27. Nd5+ Ka6 28. Re3 Rf5 29. Nc7+ Ka5 30. Ra3+ Kb6 31. Rb3+ Ka5 32. Rd5+ Rxd5 1/2-1/2

[Event "GER-ch Youth-U12 2022"]
[Site "Willingen"]
[Date "2022.06.06"]
[Round "3.13"]
[White "Mohammadzadeh, Daris"]
[Black "Schuricht, Emil Frederick"]
[Result "1-0"]
[ECO "B11"]
[WhiteElo "1371"]
[BlackElo "1641"]
[Annotator "NA RC COMBH"]
[PlyCount "53"]
[EventDate "2022.06.05"]
[EventType "swiss"]
[EventRounds "9"]
[EventCountry "GER"]
[SourceTitle "playchess.com"]
[Source "ChessBase"]
[SourceQuality "1"]
[TimeControl "40/4500+30:900+30"]

1. e4 c6 2. Nc3 d5 3. Nf3 dxe4 4. Nxe4 Nf6 5. Qe2 e6 6. d4 Be7 7. g3 Nbd7 8. Bf4 O-O 9. Bg2 c5 10. dxc5 Nxe4 11. Qxe4 Nxc5 12. Qe2 Qb6 13. Be5 Bd7 14. O-O Bb5 15. c4 Bc6 16. Rad1 Rfd8 17. Rfe1 Nd7 18. Bd4 Bc5 19. Bc3 Bb4 20. Bxb4 Qxb4 21. b3 Nc5 22. Rxd8+ Rxd8 23. Rd1 Qb6 24. b4 Rxd1+ 25. Qxd1 Nd7 26. b5 Bxf3 27. Qxd7 1-0

[Event "GER-ch Youth-U12 2022"]
[Site "Willingen"]
[Date "2022.06.06"]
[Round "3.14"]
[White "Nemitz, Alfred"]
[Black "Bangert, Jonas"]
[Result "1/2-1/2"]
[ECO "B13"]
[WhiteElo "1611"]
[BlackElo "1483"]
[Annotator "NA RC COMBH"]
[PlyCount "100"]
[EventDate "2022.06.05"]
[EventType "swiss"]
[EventRounds "9"]
[EventCountry "GER"]
[SourceTitle "playchess.com"]
[Source "ChessBase"]
[SourceQuality "1"]
[TimeControl "40/4500+30:900+30"]

1. e4 c6 2. d4 d5 3. exd5 cxd5 4. Bd3 Nc6 5. c3 Nf6 6. h3 e6 7. Bf4 Qb6 8. Qc2 Bd7 9. Nf3 Rc8 10. Qe2 a5 11. O-O a4 12. Ne5 Nxe5 13. Bxe5 Bc6 14. f4 Nd7 15. f5 f6 16. Kh1 fxe5 17. fxe6 Nf6 18. Qxe5 Qc7 19. Qg5 Qe7 20. Nd2 h6 21. Bg6+ Kd8 22. Qe5 Rc7 23. Rae1 Kc8 24. Nf3 Qd6 25. Qe3 Qg3 26. Ne5 Qxe3 27. Rxe3 Be7 28. Bf5 Be8 29. Rff3 Rf8 30. g4 h5 31. g5 Ne4 32. Bxe4 dxe4 33. Rxf8 Bxf8 34. a3 Bd6 35. Rxe4 Bxe5 36. Rxe5 b5 37. Kg2 Kd8 38. Kf3 Ke7 39. Ke4 g6 40. Kd5 Rc8 41. h4 Rc6 42. Ke4 Rd6 43. d5 Rd8 44. Kf4 Kd6 45. Re4 Rc8 46. Rd4 Rc7 47. Ke4 Rc5 48. Rd2 Rc4+ 49. Rd4 Rc8 50. Rd2 Rc7 1/2-1/2

[Event "GER-ch Youth-U12 2022"]
[Site "Willingen"]
[Date "2022.06.06"]
[Round "3.15"]
[White "Polzin, Gustav"]
[Black "Radeke, Timothy"]
[Result "1-0"]
[ECO "C54"]
[WhiteElo "1643"]
[BlackElo "1129"]
[Annotator "NA RC COMBH"]
[PlyCount "69"]
[EventDate "2022.06.05"]
[EventType "swiss"]
[EventRounds "9"]
[EventCountry "GER"]
[SourceTitle "playchess.com"]
[Source "ChessBase"]
[SourceQuality "1"]
[TimeControl "40/4500+30:900+30"]

1. e4 e5 2. Nf3 Nc6 3. Bc4 Bc5 4. c3 Nf6 5. d4 exd4 6. e5 d5 7. Bb5 Ne4 8. cxd4 Bb6 9. Nc3 Bg4 10. h3 Bh5 11. Be3 O-O 12. Qc2 Nb4 13. Qb3 a5 14. a3 c6 15. Be2 Na6 16. O-O Nb8 17. Rac1 Nd7 18. e6 Nxc3 19. exf7+ Rxf7 20. bxc3 Qf6 21. Rfe1 Qd6 22. Ne5 Bc7 23. Bxh5 Rf5 24. Bg4 Nxe5 25. Bxf5 Nf3+ 26. gxf3 Rf8 27. Qc2 g6 28. Bg4 h5 29. Bxh5 gxh5 30. Kf1 Rxf3 31. Ke2 Rf6 32. Rg1+ Kh8 33. Rg5 Qxa3 34. Rcg1 Qf8 35. Rxh5+ 1-0

[Event "GER-ch Youth-U12 2022"]
[Site "Willingen"]
[Date "2022.06.06"]
[Round "3.16"]
[White "Lu, Yunong Elias"]
[Black "Hellenbroich, Hanno"]
[Result "1-0"]
[ECO "B52"]
[WhiteElo "1671"]
[BlackElo "1274"]
[Annotator "NA RC COMBH"]
[PlyCount "94"]
[EventDate "2022.06.05"]
[EventType "swiss"]
[EventRounds "9"]
[EventCountry "GER"]
[SourceTitle "playchess.com"]
[Source "ChessBase"]
[SourceQuality "1"]
[TimeControl "40/4500+30:900+30"]

1. e4 c5 2. Nf3 d6 3. Bb5+ Bd7 4. Bxd7+ Qxd7 5. c4 Nf6 6. Nc3 Nc6 7. d4 cxd4 8. Nxd4 Nxd4 9. Qxd4 g6 10. f3 Bg7 11. Qd3 O-O 12. O-O Rfc8 13. Be3 Qc6 14. b3 Nd7 15. Nd5 Kf8 16. Rac1 Nc5 17. Qd2 a5 18. Bh6 Re8 19. Qc3 e5 20. Qe3 Ne6 21. Nf6 Red8 22. Nxh7+ Kg8 23. Bxg7 Kxg7 24. Ng5 Nd4 25. f4 Qc5 26. Kh1 f6 27. Nh3 a4 28. f5 g5 29. Rc3 Rg8 30. Rb1 axb3 31. axb3 Ra3 32. b4 Rxc3 33. Qxc3 Qc6 34. Qd3 Rc8 35. c5 dxc5 36. bxc5 g4 37. Ng1 Rd8 38. Qe3 Nc2 39. Qe2 Nd4 40. Qxg4+ Kf8 41. Rb6 Qxc5 42. Rxf6+ Ke8 43. Qg7 Qe7 44. Qg6+ Kd7 45. Rf7 Qxf7 46. Qxf7+ Kc8 47. g4 b5 1-0

[Event "GER-ch Youth-U12 2022"]
[Site "Willingen"]
[Date "2022.06.06"]
[Round "3.17"]
[White "Freude, Paul"]
[Black "Burkart, Lloyd Shang"]
[Result "1-0"]
[ECO "B84"]
[WhiteElo "1415"]
[BlackElo "1559"]
[Annotator "NA RC COMBH"]
[PlyCount "81"]
[EventDate "2022.06.05"]
[EventType "swiss"]
[EventRounds "9"]
[EventCountry "GER"]
[SourceTitle "playchess.com"]
[Source "ChessBase"]
[SourceQuality "1"]
[TimeControl "40/4500+30:900+30"]

1. e4 c5 2. Nf3 d6 3. d4 cxd4 4. Nxd4 Nf6 5. Nc3 a6 6. Be3 e6 7. a4 b6 8. Be2 Qc7 9. O-O Bb7 10. f3 Nbd7 11. Qe1 Be7 12. Qf2 O-O 13. g4 Ne5 14. g5 Nfd7 15. h4 Nc4 16. Bc1 Rac8 17. f4 Na5 18. f5 e5 19. Nf3 Qc5 20. Be3 Qb4 21. f6 gxf6 22. gxf6 Bxf6 23. Bh6 Rfd8 24. Kh2 d5 25. Rg1+ Kh8 26. Bg5 Qe7 27. Bxa6 Rxc3 28. Bxb7 Rxf3 29. Qxf3 Nxb7 30. Bh6 Qe8 31. Rg3 dxe4 32. Qg2 Nbc5 33. Rg1 Ne6 34. Qxe4 Rc8 35. Qf5 Rd8 36. Rd1 Rc8 37. Rxd7 Rxc2+ 38. Kh1 Rf2 39. Qxf2 Nf4 40. Qxb6 Qc8 41. Qxf6# 1-0

[Event "GER-ch Youth-U12 2022"]
[Site "Willingen"]
[Date "2022.06.06"]
[Round "3.18"]
[White "Noennig, Jakob"]
[Black "Halich, Jan Finnian"]
[Result "1-0"]
[ECO "C54"]
[WhiteElo "1556"]
[BlackElo "877"]
[Annotator "NA RC COMBH"]
[PlyCount "51"]
[EventDate "2022.06.05"]
[EventType "swiss"]
[EventRounds "9"]
[EventCountry "GER"]
[SourceTitle "playchess.com"]
[Source "ChessBase"]
[SourceQuality "1"]
[TimeControl "40/4500+30:900+30"]

1. e4 e5 2. Nf3 Nc6 3. Bc4 Bc5 4. c3 Nf6 5. d4 exd4 6. e5 d5 7. Bb5 Ne4 8. cxd4 Bb4+ 9. Bd2 Bxd2+ 10. Nbxd2 Nxd2 11. Qxd2 O-O 12. Bxc6 bxc6 13. O-O Bg4 14. Ne1 Qe7 15. Nd3 f6 16. Rfe1 Bf5 17. exf6 Qxf6 18. Ne5 Rfe8 19. Rac1 Re6 20. Rc5 Rd8 21. Rec1 Rdd6 22. Qa5 Qg5 23. Qxc7 Bg6 24. Qxa7 Qd2 25. R5c2 Qxd4 26. Qxd4 1-0

[Event "GER-ch Youth-U12 2022"]
[Site "Willingen"]
[Date "2022.06.06"]
[Round "3.19"]
[White "Blodig, Vincent"]
[Black "Prashanthakumar, Arju"]
[Result "1-0"]
[ECO "C56"]
[WhiteElo "1461"]
[BlackElo "1265"]
[Annotator "NA RC COMBH"]
[PlyCount "58"]
[EventDate "2022.06.05"]
[EventType "swiss"]
[EventRounds "9"]
[EventCountry "GER"]
[SourceTitle "playchess.com"]
[Source "ChessBase"]
[SourceQuality "1"]
[TimeControl "40/4500+30:900+30"]

1. e4 e5 2. Nf3 Nc6 3. d4 exd4 4. Bc4 Bc5 5. O-O Nf6 6. e5 d5 7. Bb5 Ne4 8. Nxd4 Bxd4 9. Qxd4 O-O 10. Bxc6 bxc6 11. f3 Ng5 12. Bxg5 Qxg5 13. Nd2 Re8 14. f4 Qe7 15. b4 Bf5 16. c3 a5 17. a3 axb4 18. axb4 h6 19. Qc5 Qxc5+ 20. bxc5 Reb8 21. Rxa8 Rxa8 22. Nb3 Ra3 23. Nd4 Bd3 24. Rc1 Bb5 25. f5 Kf8 26. e6 Ke7 27. Re1 Rxc3 28. f6+ gxf6 29. Nf5+ Ke8 1-0

[Event "GER-ch Youth-U12 2022"]
[Site "Willingen"]
[Date "2022.06.06"]
[Round "3.20"]
[White "Agirretxe San Sebastian, Jesus M"]
[Black "Wylie, Leonard"]
[Result "1/2-1/2"]
[ECO "D85"]
[WhiteElo "2117"]
[BlackElo "1733"]
[Annotator "TA"]
[PlyCount "79"]
[EventDate "2022.06.05"]
[EventType "swiss"]
[EventRounds "9"]
[EventCountry "GER"]
[SourceTitle "playchess.com"]
[Source "ChessBase"]
[SourceQuality "1"]
[TimeControl "40/4500+30:900+30"]

1. d4 Nf6 2. c4 g6 3. Nc3 d5 4. cxd5 Nxd5 5. e4 Nxc3 6. bxc3 Bg7 7. Nf3 c5 8. Be2 Nc6 9. Be3 Bg4 10. Qb3 {[%emt 0:05:01] D85: Exchange Grünfeld: Unusual White 7th moves and lines with 7 Nf3.} (10. e5 $11) 10... Bxf3 $17 11. Bxf3 cxd4 12. cxd4 {[%emt 0:00:14] [#] Black is better.} Rb8 $146 ({Black should play} 12... Nxd4 $17 13. Bxd4 Qa5+ 14. Kf1 Bxd4) ({Predecessor:} 12... Bxd4 13. Bxd4 Qxd4 14. Rd1 Qb4+ 15. Qxb4 Nxb4 16. Rb1 Nd3+ 17. Ke2 O-O-O 18. Rb3 Ne5 {0-1 (41) Sibajeva,M-Dienine,D (2008) Klaipeda 2012}) 13. Rd1 $1 $14 O-O 14. O-O (14. d5 $14 Na5 15. Qb4) 14... Nxd4 15. Bxd4 (15. Qa4 $11 {remains equal.} e5 16. Bxd4 exd4 17. Qxa7) 15... Bxd4 $17 16. e5 {[%emt 0:02:14] Threatens to win with Qb4.} Qb6 {[%emt 0:00:37] Prevents Qb4.} 17. Qxb6 Bxb6 18. Rd7 {[%emt 0:00:15][%csl LRb7,LRe7] [#]} Bc5 (18... e6 $1 $17) 19. Bxb7 $11 Rfd8 20. Rfd1 Rxd7 21. Rxd7 {[%emt 0:00:07][%mdl 4096] Endgame KRB-KRB} Kf8 22. g3 Ke8 23. Rc7 {[%emt 0:05:51] [#]} ({White should try} 23. Bc6 $11 Kf8 24. Bb7) 23... Bxf2+ $1 $15 24. Kxf2 {[%emt 0:00:40] KRB-KR} Kd8 25. Rc8+ Rxc8 $19 26. Bxc8 Kxc8 {[%emt 0:00:04] KP-KP} 27. Ke3 Kd7 28. Kd4 Ke6 29. a4 f6 30. exf6 exf6 31. Kc5 Kd7 (31... g5 $142 32. Kd4 a5) 32. h4 h5 33. Kd5 g5 34. a5 a6 35. Kc5 gxh4 $2 (35... Ke6 $19 36. Kb6 f5 37. hxg5 f4 38. gxf4 h4 39. Kxa6 h3 40. g6 h2 41. g7 Kf7 42. g8=R Kxg8 43. Kb5 Kg7 44. f5 Kf6 45. Kc6 h1=Q+ 46. Kd6 Kxf5 47. a6 Qh6+ 48. Kc5 Qxa6 49. Kb4 Qc6 50. Ka3 Ke4 51. Kb4 Kd3 52. Kb3 Qb5+ 53. Ka3 Kc3 54. Ka2 Qb2#) 36. gxh4 $11 {[%emt 0:00:08] The position is equal.} Ke6 {[%emt 0:02:18] aiming for ...f5.} (36... f5 $5 37. Kd5 f4 $11) 37. Kb6 Kd6 {[%emt 0:00:58] ...f5 is the strong threat.} 38. Kxa6 Kc6 39. Ka7 f5 40. a6 {[%emt 0:00:07] Weighted Error Value: White=0.99/Black=0.49} 1/2-1/2

[Event "GER-ch Youth-U12 2022"]
[Site "Willingen"]
[Date "2022.06.06"]
[Round "3.21"]
[White "Albrecht, Neil"]
[Black "Mandalka, Justus"]
[Result "0-1"]
[ECO "B38"]
[WhiteElo "1376"]
[BlackElo "1402"]
[Annotator "NA RC COMBH"]
[PlyCount "78"]
[EventDate "2022.06.05"]
[EventType "swiss"]
[EventRounds "9"]
[EventCountry "GER"]
[SourceTitle "playchess.com"]
[Source "ChessBase"]
[SourceQuality "1"]
[TimeControl "40/4500+30:900+30"]

1. e4 c5 2. Nf3 Nc6 3. d4 cxd4 4. Nxd4 g6 5. c4 Bg7 6. Be3 Nf6 7. Nc3 d6 8. Be2 O-O 9. Qd2 Bd7 10. O-O Nxd4 11. Bxd4 Bc6 12. f3 a5 13. b3 Nd7 14. Bf2 Nc5 15. Rac1 e6 16. Rfd1 Be5 17. Nb5 Bxb5 18. cxb5 Qe7 19. g3 f5 20. Bxc5 dxc5 21. Qd7 Qxd7 22. Rxd7 Bd4+ 23. Kh1 Rf7 24. Bc4 Rxd7 25. Bxe6+ Rf7 26. exf5 gxf5 27. Re1 Kg7 28. Bxf7 Kxf7 29. g4 a4 30. gxf5 axb3 31. axb3 Ra5 32. Rd1 Rxb5 33. Rd3 Kf6 34. Kg2 Kxf5 35. Kg3 Rb6 36. f4 Ke4 37. Rd1 Rxb3+ 38. Kg4 c4 39. f5 c3 0-1

[Event "GER-ch Youth-U12 2022"]
[Site "Willingen"]
[Date "2022.06.06"]
[Round "3.22"]
[White "Li, Luxuan"]
[Black "Uyar, Levin"]
[Result "0-1"]
[ECO "C45"]
[WhiteElo "1235"]
[BlackElo "1306"]
[Annotator "NA RC COMBH"]
[PlyCount "96"]
[EventDate "2022.06.05"]
[EventType "swiss"]
[EventRounds "9"]
[EventCountry "GER"]
[SourceTitle "playchess.com"]
[Source "ChessBase"]
[SourceQuality "1"]
[TimeControl "40/4500+30:900+30"]

1. e4 e5 2. Nf3 Nc6 3. d4 exd4 4. Nxd4 Nf6 5. Nxc6 bxc6 6. e5 Qe7 7. Qe2 Nd5 8. g3 g6 9. a3 Bg7 10. f4 O-O 11. Bg2 Re8 12. O-O Bb7 13. c4 Nb6 14. Qc2 Qc5+ 15. Kh1 Qxc4 16. Qxc4 Nxc4 17. Rf3 f6 18. b3 Nb6 19. exf6 Bxf6 20. Ra2 Re1+ 21. Rf1 Rae8 22. Bd2 Rxf1+ 23. Bxf1 c5+ 24. Bg2 Bxg2+ 25. Kxg2 Re2+ 26. Kh3 c4 27. bxc4 Nxc4 28. Rc2 d5 29. g4 g5 30. fxg5 Bxg5 31. Rxc4 dxc4 32. Bxg5 Rb2 33. Nd2 c3 34. Nc4 Rb3 35. Kg2 c2 36. Kf2 Rc3 37. Ne5 c1=Q 38. Bxc1 Rxc1 39. h4 Rc3 40. a4 Ra3 41. h5 Rxa4 42. Kg3 Kg7 43. g5 c5 44. Kf3 Rh4 45. h6+ Kg8 46. Kg3 Re4 47. Ng4 Rxg4+ 48. Kxg4 a5 0-1

[Event "GER-ch Youth-U12 2022"]
[Site "Willingen"]
[Date "2022.06.06"]
[Round "3.23"]
[White "Goldkuhle, Collin"]
[Black "Haertel, Leon"]
[Result "1-0"]
[ECO "B23"]
[WhiteElo "1323"]
[BlackElo "1536"]
[Annotator "NA RC COMBH"]
[PlyCount "61"]
[EventDate "2022.06.05"]
[EventType "swiss"]
[EventRounds "9"]
[EventCountry "GER"]
[SourceTitle "playchess.com"]
[Source "ChessBase"]
[SourceQuality "1"]
[TimeControl "40/4500+30:900+30"]

1. e4 c5 2. Nc3 Nc6 3. f4 d6 4. Nf3 Nf6 5. Bb5 Bd7 6. O-O a6 7. Bxc6 Bxc6 8. d3 g6 9. Qe1 Bg7 10. h3 h5 11. e5 dxe5 12. fxe5 Nd5 13. Bd2 e6 14. Qf2 Qe7 15. Ne4 O-O-O 16. Qxc5 Qxc5+ 17. Nxc5 Rdf8 18. Ne4 f5 19. exf6 Nxf6 20. Bc3 Rhg8 21. Nfg5 Bxe4 22. dxe4 Kd7 23. Rad1+ Ke7 24. Bb4+ Ke8 25. Bxf8 Kxf8 26. Nxe6+ Ke7 27. Ng5 Nd7 28. Rf7+ Ke8 29. Rdxd7 Bxb2 30. Rfe7+ Kf8 31. Nh7# 1-0

[Event "GER-ch Youth-U12 2022"]
[Site "Willingen"]
[Date "2022.06.06"]
[Round "3.24"]
[White "Steven, Matthias"]
[Black "Gulamzada, Elmir"]
[Result "0-1"]
[ECO "C01"]
[WhiteElo "1376"]
[BlackElo "1539"]
[Annotator "NA RC COMBH"]
[PlyCount "114"]
[EventDate "2022.06.05"]
[EventType "swiss"]
[EventRounds "9"]
[EventCountry "GER"]
[SourceTitle "playchess.com"]
[Source "ChessBase"]
[SourceQuality "1"]
[TimeControl "40/4500+30:900+30"]

1. e4 e6 2. d4 d5 3. exd5 exd5 4. Nc3 Bf5 5. Bf4 Nf6 6. Bd3 Bxd3 7. Qxd3 c6 8. O-O-O Be7 9. Nge2 b5 10. Rdg1 b4 11. Nd1 c5 12. c3 c4 13. Qf3 Qa5 14. Kb1 b3 15. axb3 cxb3 16. Ng3 Qa2+ 17. Kc1 Qa1+ 18. Kd2 Qb1 19. Qe2 O-O 20. Qd3 Qa2 21. Ke2 Re8 22. Qd2 Bd6+ 23. Be3 Ng4 24. f3 Nxe3 25. Nxe3 Bf4 26. Ngf1 a5 27. g3 Bh6 28. f4 Qb1 29. Kf2 Qe4 30. Nd1 Qc2 31. Nde3 Qe4 32. Qe2 a4 33. Nd2 Qe6 34. Re1 Nd7 35. Qb5 Nf6 36. c4 dxc4 37. Qxc4 Qxc4 38. Ndxc4 Red8 39. Rd1 Ra7 40. Rd2 Ne4+ 41. Kg2 Nxd2 42. Nxd2 Rxd4 43. Nf3 Rdd7 44. Rc1 Rd8 45. Nd5 g6 46. Nb4 Bg7 47. Rb1 Rad7 48. Ra1 Bxb2 49. Rxa4 Bc3 50. Nc6 b2 51. Nxd8 Rxd8 52. Rc4 b1=Q 53. Kh3 Qf1+ 54. Kh4 Qxc4 55. Ng5 Qe2 56. g4 Be1+ 57. Kh3 Qf1# 0-1

[Event "GER-ch Youth-U12 2022"]
[Site "Willingen"]
[Date "2022.06.06"]
[Round "3.25"]
[White "Kullmann, Max"]
[Black "Draude, Theo"]
[Result "1-0"]
[ECO "A31"]
[WhiteElo "1442"]
[BlackElo "1397"]
[Annotator "NA RC COMBH"]
[PlyCount "190"]
[EventDate "2022.06.05"]
[EventType "swiss"]
[EventRounds "9"]
[EventCountry "GER"]
[SourceTitle "playchess.com"]
[Source "ChessBase"]
[SourceQuality "1"]
[TimeControl "40/4500+30:900+30"]

1. d4 Nf6 2. c4 c5 3. Nf3 cxd4 4. Nxd4 g6 5. Nc3 Bg7 6. e3 O-O 7. Bd2 a6 8. g3 e5 9. Nf3 Ne8 10. Bg2 f5 11. e4 d6 12. Bg5 Qa5 13. Bd2 Qc5 14. b3 Nf6 15. O-O fxe4 16. Ng5 Bg4 17. Qc2 Bf3 18. Ngxe4 Nxe4 19. Nxe4 Bxe4 20. Bxe4 Nc6 21. Be3 Qa5 22. Rfd1 Rfd8 23. Rd5 Qc7 24. Qd2 Rac8 25. Rd1 Bf8 26. Rd3 Rd7 27. Bd5+ Rf7 28. Bxf7+ Qxf7 29. Bb6 Qf5 30. Qe2 e4 31. Re3 Re8 32. Re1 Ne5 33. Kh1 Qh3 34. Rxe4 Ng4 35. Qxg4 Qxg4 36. Rxg4 Rxe1+ 37. Kg2 Re2 38. Rd4 Rxa2 39. Bc7 Rb2 40. Bxd6 Bxd6 41. Rxd6 Rxb3 42. c5 a5 43. c6 bxc6 44. Rxc6 a4 45. Ra6 a3 46. Kf1 Rb1+ 47. Kg2 Ra1 48. Kf3 Kg7 49. Kg4 Kh6 50. h4 Kg7 51. Kg5 Ra2 52. Ra7+ Kg8 53. f4 Rg2 54. Rxa3 Kf7 55. Kh6 Kg8 56. Ra8+ Kf7 57. Ra7+ Kf6 58. Ra3 Rd2 59. Kxh7 Rd6 60. Ra5 Rd7+ 61. Kh6 Rd6 62. Ra7 Rc6 63. Rg7 Kf5 64. Rf7+ Kg4 65. Rg7 g5+ 66. Kh7 Kxg3 67. fxg5 Kxh4 68. Rg6 Rc7+ 69. Kh6 Rc8 70. Rg7 Rc6+ 71. g6 Rc5 72. Rf7 Rc6 73. Kh7 Kg5 74. g7 Rh6+ 75. Kg8 Rc6 76. Re7 Kg6 77. Kh8 Kf6 78. Ra7 Rc8+ 79. g8=Q Rxg8+ 80. Kxg8 Ke6 81. Rc7 Kd6 82. Rc1 Kd5 83. Rd1+ Ke5 84. Kf7 Ke4 85. Ke6 Ke3 86. Ke5 Kf3 87. Rd8 Ke3 88. Rd4 Kf3 89. Re4 Kf2 90. Kf4 Kg2 91. Re3 Kf2 92. Ra3 Ke2 93. Ke4 Kd2 94. Kd4 Ke2 95. Rb3 Kf1 1-0

[Event "GER-ch Youth-U12 2022"]
[Site "Willingen"]
[Date "2022.06.06"]
[Round "3.26"]
[White "Böhler, Yannic"]
[Black "Dell, Philip"]
[Result "0-1"]
[ECO "A37"]
[WhiteElo "1361"]
[BlackElo "1457"]
[Annotator "NA RC COMBH"]
[PlyCount "144"]
[EventDate "2022.06.05"]
[EventType "swiss"]
[EventRounds "9"]
[EventCountry "GER"]
[SourceTitle "playchess.com"]
[Source "ChessBase"]
[SourceQuality "1"]
[TimeControl "40/4500+30:900+30"]

1. c4 c5 2. Nc3 g6 3. g3 Bg7 4. Bg2 Nc6 5. Nf3 e6 6. O-O Nge7 7. d3 O-O 8. Bf4 d5 9. cxd5 Nxd5 10. Nxd5 exd5 11. Qb3 b6 12. Rac1 Re8 13. Be3 Be6 14. Qa3 Qd7 15. Rc2 Bh3 16. Qa4 Bxg2 17. Kxg2 Rad8 18. Rfc1 Nb4 19. Qxd7 Rxd7 20. Rd2 Nxa2 21. Ra1 Nb4 22. d4 cxd4 23. Nxd4 Bxd4 24. Bxd4 Nc6 25. e3 Na5 26. Rd3 Nc6 27. Rd2 Nxd4 28. Rxd4 Re4 29. Rad1 Rxd4 30. Rxd4 f5 31. Kf3 Kf7 32. Ke2 Ke6 33. b3 a5 34. Ra4 Rc7 35. Kd2 Kd6 36. Ra1 Rc5 37. Ra4 Kc6 38. Rh4 h5 39. Ra4 Rb5 40. Kc2 Rc5+ 41. Kd2 Kb5 42. h4 Ka6 43. Ra1 Rc7 44. Ra2 b5 45. Kd3 b4 46. Kd2 Rc3 47. Rb2 Kb5 48. Rb1 a4 49. bxa4+ Kxa4 50. Ra1+ Ra3 51. Rc1 b3 52. Kc3 Ra2 53. Rb1 Rc2+ 54. Kd3 Rxf2 55. Kc3 Rc2+ 56. Kd3 Ka3 57. Rf1 Ka2 58. Rf4 Rc4 59. Rxc4 dxc4+ 60. Kxc4 b2 61. Kd5 b1=Q 62. g4 Qe4+ 63. Kd6 fxg4 64. Kd7 Qe5 65. e4 Kb3 66. Kc6 Kc4 67. Kd7 Kc5 68. Kd8 Qxe4 69. Kd7 Qe5 70. Kc8 Qg7 71. Kd8 Kd6 72. Ke8 Qe7# 0-1